 Dungeon Crawl Stone Soup version 0.29.1-15-g9cfb28693d (webtiles) character file.

Game seed: 723090935153190566

360218 vishdafish the Ruinous (level 21, -10/138 HPs)
             Began as a Demonspawn Conjurer on Mar 29, 2023.
             Was the Champion of Vehumet.
             Mangled by Mennas
             ... wielding a +1 eudemon blade of holy wrath
              (38 damage)
             ... on level 2 of the Vaults.
             The game lasted 01:48:27 (43458 turns).

vishdafish the Ruinous (Demonspawn Conjurer)       Turns: 43458, Time: 01:48:27

Health: -10/138    AC: 14    Str:  8    XL:     21   Next: 47%
Magic:  9/46       EV: 12    Int: 34    God:    Vehumet [******]
Gold:   3447       SH:  0    Dex: 14    Spells: 34/62 levels left

rFire   + + .      SeeInvis +   e - staff of conjuration
rCold   . . .      Faith    .   (no shield)
rNeg    . . .      Spirit   .   k - +2 robe {Archmagi}
rPois   +          Reflect  .   i - +2 hat
rElec   .          Harm     .   b - +2 cloak "Ydghed" {Drain rF+ Regen+}
rCorr   +          Rampage  .   (gloves unavailable)
Will    +....      Archmagi + + J - +2 pair of boots "Oguved" {rPois}
Stlth   +.........              m - amulet "Couh" {RegenMP rF+ rCorr SInv}
HPRegen 1.13/turn               d - ring of the Mage {Wiz Archmagi}
MPRegen 0.70/turn               y - +6 ring of intelligence

@: hasted, glowing, studying 2 skills, silenced, very quick
A: powered by death 3, spiny 3, augmentation 2, sharp scales 2, demonic touch 3,
evolution 1
}: 2/15 runes: serpentine, barnacled
a: Renounce Religion


You were on level 2 of the Vaults.
You worshipped Vehumet.
Vehumet was exalted by your worship.
You visited 8 branches of the dungeon, and saw 36 of its levels.
You also visited: Ossuary and Desolation.

You collected 6195 gold pieces.
You spent 2748 gold pieces at shops.

Inventory:

Hand Weapons
 n - the +8 scimitar "Ukaymn" {vorpal, Drain Int+6}
   (You took it off a merfolk aquamancer on level 4 of the Shoals)

   It inflicts extra damage upon your enemies.
   Int:       It affects your intelligence (+6).
   Drain:     It drains your maximum health when unequipped.
 P - a +6 long sword
Missiles
 v - 7 throwing nets (quivered)
 S - 3 curare-tipped darts
Armour
 b - the +2 cloak "Ydghed" (worn) {Drain rF+ Regen+}
   (You found it on level 2 of the Dungeon)

   rF:        It protects you from fire.
   Regen:     It increases your rate of health regeneration.
   Drain:     It drains your maximum health when unequipped.
 i - a +2 hat (worn)
 k - a +2 robe of the Archmagi (worn)
 J - the +2 pair of boots "Oguved" (worn) {rPois}
   (You found it on level 3 of the Elven Halls)

   rPois:     It protects you from poison.
Magical Staves
 e - a staff of conjuration (weapon)
Jewellery
 d - the ring of the Mage (left hand) {Wiz Archmagi}
   (You bought it in a shop on level 2 of the Orcish Mines)

   [ring of wizardry]

   It improves your spell success rate.
   Archmagi:  It increases the power of your magical spells.
 m - the amulet "Couh" (around neck) {RegenMP rF+ rCorr SInv}
   (You acquired it on level 10 of the Dungeon)

   [amulet of magic regeneration]

   It increases your rate of magic regeneration.
   rF:        It protects you from fire.
   SInv:      It lets you see invisible.
   rCorr:     It protects you from acid and corrosion.
 y - a +6 ring of intelligence (right hand)
 X - a +6 ring of intelligence
Wands
 B - a wand of acid (34)
 C - a wand of polymorph (28)
 I - a wand of roots (34)
 Q - a wand of charming (25)
 V - a wand of mindburst (30)
 Y - a wand of digging (10)
Scrolls
 c - 21 scrolls of teleportation
 h - 9 scrolls of vulnerability
 j - 3 scrolls of amnesia
 l - 11 scrolls of butterflies
 o - 2 scrolls of brand weapon
 w - 4 scrolls of magic mapping
 z - 2 scrolls of silence
 A - 6 scrolls of enchant weapon
 G - 9 scrolls of enchant armour
 H - 6 scrolls of fear
 K - 5 scrolls of immolation
 L - 15 scrolls of identify
 O - a scroll of blinking
 T - 4 scrolls of summoning
 Z - 7 scrolls of poison
Potions
 a - 8 potions of flight
 f - 2 potions of cancellation
 g - 3 potions of berserk rage
 p - 7 potions of lignification
 q - 5 potions of ambrosia
 s - 2 potions of haste
 t - 7 potions of heal wounds
 u - 4 potions of might
 x - 12 potions of curing
 D - 8 potions of brilliance
 E - 2 potions of mutation
 F - 9 potions of degeneration
 M - 5 potions of attraction
 N - 4 potions of magic
 R - 6 potions of resistance
 W - 4 potions of invisibility
Miscellaneous
 r - a phantom mirror
 U - a tin of tremorstones (2/2)


   Skills:
 - Level 5.2 Fighting
 - Level 5.5 Long Blades
 - Level 1.7 Dodging
 - Level 1.7 Stealth
 + Level 21.0 Spellcasting
 + Level 22.0 Conjurations
 - Level 20.0 Fire Magic
 - Level 8.1 Earth Magic


You had 34 spell levels left.
You knew the following spells:

 Your Spells              Type           Power      Damage    Failure   Level
a - Magic Dart            Conj           100%       1d8       0%          1
b - Fulminant Prism       Conj/Hex       77%        3d32      1%          4
c - Iskenderun's Mystic   Conj/Tloc      100%       2d19      1%          4
d - Lightning Bolt        Conj/Air       77%        1d103     1%          5
e - Iron Shot             Conj/Erth      84%        9d15      1%          6
f - Ignition              Fire           78%        3d20      1%          8

Your spell library contained the following spells:

 Spells                   Type           Power      Damage    Failure   Level
 Fire Storm               Conj/Fire      92%        8d23      1%          9
 Chain Lightning          Conj/Air       77%        3d102     61%         9
 Shatter                  Erth           58%        3d44*     91%         9
 Foxfire                  Conj/Fire      100%       2x1d9     0%          1
 Shock                    Conj/Air       100%       1d9       0%          1
 Searing Ray              Conj           100%       2d8       0%          2
 Stone Arrow              Conj/Erth      100%       3d13      0%          3
 Fireball                 Conj/Fire      92%        3d34      0%          5
 Starburst                Conj/Fire      92%        6d23      0%          6
 Freeze                   Ice            100%       1d11      1%          1
 Sandblast                Erth           100%       2d20      1%          1
 Slow                     Hex            100%       N/A       1%          1
 Summon Small Mammal      Summ           100%       N/A       1%          1
 Blink                    Tloc           100%       N/A       1%          2
 Call Imp                 Summ           69%        N/A       1%          2
 Ensorcelled Hibernation  Hex/Ice        100%       N/A       1%          2
 Passwall                 Tmut/Erth      80%        N/A       1%          2
 Call Canine Familiar     Summ           69%        N/A       1%          3
 Confusing Touch          Hex            69%        N/A       1%          3
 Dazzling Flash           Conj/Hex       100%       N/A       1%          3
 Frozen Ramparts          Ice            100%       1d16      1%          3
 Gell's Gravitas          Tloc           69%        N/A       1%          3
 Ignite Poison            Fire/Tmut/Pois 100%       N/A       1%          3
 Mephitic Cloud           Conj/Pois/Air  100%       N/A       1%          3
 Summon Guardian Golem    Hex/Summ       69%        N/A       1%          3
 Swiftness                Air            69%        N/A       1%          3
 Teleport Other           Tloc           69%        N/A       1%          3
 Vampiric Draining        Necr           69%        2d10      1%          3
 Airstrike                Air            34%        2d(5-21)  1%          4
 Animate Armour           Summ/Erth      100%       N/A       1%          4
 Hailstorm                Conj/Ice       100%       3d20      1%          4
 Olgreb's Toxic Radiance  Pois           69%        N/A       1%          4
 Borgnjor's Vile Clutch   Necr/Erth      48%        N/A       1%          5
 Freezing Cloud           Conj/Ice/Air   69%        6-21      1%          5
 Lee's Rapid Deconstruct  Erth           58%        3d28*     1%          5
 Orb of Destruction       Conj           93%        9d20      1%          7
 Spellforged Servitor     Conj/Summ      77%        N/A       1%          7
 Lehudib's Crystal Spear  Conj/Erth      84%        10d19     1%          8
 Corpse Rot               Necr/Pois/Air  69%        N/A       3%          4
 Dispel Undead            Necr           69%        3d23      3%          4
 Agony                    Necr           69%        N/A       10%         5
 Alistair's Intoxication  Tmut/Pois      46%        N/A       10%         5
 Manifold Assault         Tloc           69%        N/A       10%         5
 Summon Forest            Summ/Tloc      34%        N/A       10%         5
 Summon Mana Viper        Hex/Summ       69%        N/A       10%         5
 Statue Form              Tmut/Erth      64%        N/A       10%         6
 Eringya's Noxious Bog    Tmut/Pois      34%        N/A       14%         6
 Death Channel            Necr           34%        N/A       45%         6
 Dispersal                Tloc           34%        N/A       45%         6
 Ozocubu's Refrigeration  Ice            34%        4d15      52%         7
 Malign Gateway           Summ/Tloc      34%        N/A       94%         7
 Storm Form               Tmut/Air       34%        N/A       94%         7
 Summon Hydra             Summ           34%        N/A       94%         7
 Summon Horrible Things   Summ           34%        N/A       100%        8
 Death's Door             Necr           34%        N/A       100%        9


Dungeon Overview and Level Annotations

Branches:
Dungeon (15/15)            Temple (1/1) D:5            Lair (5/5) D:9
 Shoals (4/4) Lair:2        Snake (4/4) Lair:3        Slime (0/5) Lair:5
    Orc (2/2) D:10            Elf (3/3) Orc:2        Vaults (2/5) D:14
 Depths (0/4) D:15        Ossuary (visited)         Desolation (visited)
  Crypt: Vaults:2-3

Altars:
Ashenzari
Cheibriados
Dithmenos
Fedhas
Gozag
Kikubaaqudgha
Makhleb
Nemelex Xobeh
Okawaru
Trog
Uskayaw
Vehumet
Wu Jian
Yredelemnul
Jiyva

Shops:
D:4 **=   D:15 :   Orc:1 (   Orc:2 ([[=   Elf:3 [   Shoals:3 =(   Snake:3 (**(
Snake:4 *=   Vaults:1 [

Annotations:
D:6 exclusion: oklob plant
D:15 2 transporters, exclusion: orange crystal statue, Vochiuc's ghost, adept DEFE
Elf:1 6 runed translucent doors
Vaults:2 Mennas


Innate Abilities, Weirdness & Mutations

You regenerate a lot of health from kills.
You are completely covered in sharp spines.
Your magical and physical power is enhanced at high health.
You are mostly covered in razor-sharp scales. (AC +2, Slay +2)
Your touch may irresistibly damage your foes and sap their willpower.
You have hidden genetic potential.


Message History

Throw: 8 throwing nets
Press: ? - help, Q - select action, (/) - cycle Shift-Dir - straight line, f/p - Mennas
Aim: Mennas, wielding a +1 eudemon blade of holy wrath and wearing a +0 tower shield (silenced, heavily wounded, radiating silence, haloed, 38% to hit)
Okay, then.
You feel yourself speed up. Mennas is struck by your spines.
Mennas hits you with a +1 eudemon blade of holy wrath.
You convulse.
Mennas hits you with a +1 eudemon blade of holy wrath.
You convulse!
Mennas attacks as you move away! Mennas hits you but does no damage.
Mennas hits you with a +1 eudemon blade of holy wrath.
You convulse.
Throw: 8 throwing nets
Press: ? - help, Q - select action, (/) - cycle Shift-Dir - straight line, f/p - Mennas
Aim: Mennas, wielding a +1 eudemon blade of holy wrath and wearing a +0 tower shield (silenced, heavily wounded, radiating silence, haloed, 33% to hit)
Okay, then.
Throw: 8 throwing nets
Press: ? - help, Q - select action, (/) - cycle Shift-Dir - straight line, f/p - Mennas
Aim: Mennas, wielding a +1 eudemon blade of holy wrath and wearing a +0 tower shield (silenced, heavily wounded, radiating silence, haloed, 33% to hit)
You throw a throwing net.
Mennas blocks the throwing net.
Mennas becomes audible again.
Mennas gestures frantically.
Mennas's surroundings become eerily quiet.
Mennas attacks as you move away! Mennas is struck by your spines.
Mennas hits you with a +1 eudemon blade of holy wrath.
You convulse.
Mennas hits you with a +1 eudemon blade of holy wrath.
You convulse.
Mennas is struck by your spines.
Mennas hits you with a +1 eudemon blade of holy wrath!!
You convulse!!
Mennas hits you with a +1 eudemon blade of holy wrath!
You convulse!
* * * LOW HITPOINT WARNING * * *
Magic scrolls do not work when you're silenced!
You feel much better.
Mennas hits you with a +1 eudemon blade of holy wrath!!
* * * LOW HITPOINT WARNING * * *
You convulse!!!
You die...

.<...#...#'####...#
.....#####.'.##...#
.....##.'.#####...#
#########'#...#...#
.....#..'.'...#...#
.....#..###...'.(.#
...###'## #####...#
..####.####.....A.#
.##.#...#.##....@.#
##....>....##.....#
#...#...#...##....#
##.###.###.###....#
#...#...#...##....#
.............'..[.#
#...#...#...##....#
##.###.###.###....#
#...#...#...##....#


You could see Mennas (silencing).

Vanquished Creatures
  Bai Suzhen (Shoals:4)
  Jorgrun (Snake:1)
  2 tentacled monstrosities (Snake:1)
  2 deep elf blademasters (Elf:3)
  A titan (Shoals:4)
  Polyphemus (Shoals:4)
  2 deep elf master archers (Elf:3)
  Kirke (Shoals:4)
  A sphinx (Vaults:1)
  Gastronok (D:8)
  10 nagarajas (Snake:4)
  Roxanne (Snake:3)
  A deep elf sorcerer (Elf:3)
  5 vault wardens
  2 orc warlords
  2 imperial myrmidons (Desolation)
  3 frost giants (Shoals:1)
  8 deep elf elementalists
  8 very ugly things (Vaults:1)
  2 ironbound thunderhulks (Vaults:1)
  5 ironbound preservers
  8 deep elf demonologists
  2 stone giants
  7 deep elf annihilators (Elf:3)
  Nessos (D:14)
  2 halazid warlocks (Desolation)
  8 dire elephants (Vaults:1)
  Snorg (D:10)
  2 deep elf death magi (Elf:3)
  11 merfolk impalers
  An ettin (Orc:1)
  2 crystal guardians (Desolation)
  A fire dragon (Lair:5)
  A deep elf high priest (Elf:3)
  2 great orbs of eyes (Vaults:1)
  3 boulder beetles
  3 merfolk javelineers (Shoals:4)
  Josephine (D:10)
  A yaktaur captain (Vaults:2)
  11 ragged hierophants (Desolation)
  8 servants of whispers (Desolation)
  2 salamander tyrants
  5 vault guards
  3 merfolk avatars
  7 peacekeepers (Desolation)
  12 hydras
  18 centaur warriors
  5 merfolk aquamancers (Shoals:4)
  2 catoblepae
  An alligator snapping turtle (Shoals:4)
  11 anacondas
  9 death yaks
  13 naga warriors
  4 alligators
  4 satyrs
  24 dancing weapons
  2 tengu warriors
  8 two-headed ogres
  13 deep elf knights
  3 orc high priests (Elf:1)
  17 naga sharpshooters
  5 shock serpents
  Sonja (Orc:2)
  A fire crab (shapeshifter) (D:15)
  4 salamander mystics
  Lodul (D:10)
  A kraken simulacrum (Shoals:1)
  2 goliath frogs (Snake:1)
  8 skeletal warriors (D:15)
  17 sea snakes
  An orb spider (shapeshifter) (Vaults:1)
  17 deep trolls
  5 bog bodies (Shoals:2)
  7 ironbound convokers
  5 swamp dragons
  3 wizards (D:15)
  4 naga ritualists
  6 deep elf archers
  17 harpies
  An obsidian statue (Snake:3)
  A necromancer (Vaults:2)
  21 orc knights
  Pikel (D:8)
  8 lindwurms (Vaults:1)
  32 deep elf pyromancers
  5 ugly things
  25 deep elf zephyrmancers
  13 mana vipers
  A tengu zombie (Vaults:2)
  A wolf spider (Lair:5)
  An orc sorcerer (D:15)
  3 oklob plants (Lair:5)
  12 cyclopes
  7 fauns
  11 manticores
  3 elephants (Lair:5)
  15 salamanders
  Maurice (D:9)
  5 vault sentinels
  56 black mambas
  22 naga magi
  A molten gargoyle (Desolation)
  12 guardian serpents
  9 merfolk sirens
  12 water nymphs
  16 cane toads
  An unseen horror (D:11)
  3 gargoyles
  A kobold demonologist (D:9)
  2 rime drakes
  6 yaktaurs (Vaults:1)
  A komodo dragon (shapeshifter) (D:13)
  13 komodo dragons
  A queen bee (D:13)
  6 meliai (D:13)
  14 wind drakes
  16 merfolk
  3 trolls
  A harpy zombie (D:15)
  2 polar bears
  29 slime creatures
  Grinder (D:5)
  37 blink frogs
  A tyrant leech (Snake:1)
  3 hornets
  64 saltlings (Desolation)
  6 snapping turtles
  25 dream sheep
  A spriggan (Lair:5)
  4 vampires
  5 shadows
  21 water elementals
  10 air elementals
  33 yaks
  2 hogs (Shoals:4)
  9 wyverns
  A human (Shoals:4)
  9 wraiths
  A death yak simulacrum (Shoals:1)
  A hog (shapeshifter) (D:14)
  2 steam dragons
  An alligator snapping turtle simulacrum (Shoals:1)
  12 basilisks
  A fire elemental (Elf:1)
  3 redbacks (Lair:5)
  7 vampire mosquitoes
  3 sea snake simulacra (Shoals:1)
  Menkaure (D:5)
  11 wargs
  50 nagas
  3 swamp worms (Snake:1)
  3 acid dragons
  3 harpy simulacra (Shoals:1)
  23 water moccasins
  2 glowing shapeshifter skeletons (Vaults:2)
  3 swamp drakes
  3 ice beasts (D:6)
  An ettin simulacrum (Vaults:2)
  57 orc warriors
  3 sky beasts
  8 black bears
  4 satyr simulacra (Shoals:1)
  A boggart (D:14)
  18 ogres
  2 lemures (D:8)
  16 centaurs
  3 phantoms
  9 kobold brigands
  6 earth elementals
  2 necrophages
  8 bullfrogs
  3 scorpions
  2 gnoll sergeants
  2 water moccasin zombies (Ossuary)
  10 wights
  3 troll zombies (D:10)
  17 killer bees
  2 manticore simulacra (Shoals:1)
  6 howler monkeys
  An electric eel (D:15)
  10 jellies
  Crazy Yiuf (D:3)
  30 orc priests
  3 cyclops simulacra (Shoals:1)
  2 hounds
  7 iguanas
  29 orc wizards
  5 hell rats (Lair:3)
  4 centaur simulacra (Shoals:1)
  5 ogre zombies (D:10)
  2 mummies (Ossuary)
  22 gnolls
  2 adders
  2 shadow imps
  An ufetubus (D:6)
  4 adder zombies (Ossuary)
  2 worms
  A dart slug (D:1)
  101 orcs
  4 bats
  18 endoplasms
  5 giant cockroaches
  5 goblins
  13 hobgoblins
  5 quokkas
  8 ball pythons
  2 frilled lizards
  2 gnoll zombies (Ossuary)
  2 goblin skeletons (D:10)
  8 goblin zombies (D:10)
  11 hobgoblin zombies
  44 kobolds
  9 kobold skeletons (D:9)
  13 kobold zombies
  2 orc skeletons (D:10)
  18 orc zombies
  7 rats
  A bush (Lair:5)
  3 pillars of salt
1760 creatures vanquished.

Vanquished Creatures (others)
  A bush (Lair:5)
  23 fulminant prisms
  52 fungi
  183 plants
  3 withered plants (Desolation)
262 creatures vanquished.

Grand Total: 2022 creatures vanquished

Notes
Turn   | Place    | Note
-------+----------+-------------------------------------------
     0 | D:1      | vishdafish the Demonspawn Conjurer began the quest for the
                  | Orb.
     0 | D:1      | Reached XP level 1. HP: 13/13 MP: 3/3
    86 | D:2      | Identified the +2 cloak "Ydghed" {Drain rF+ Regen+}
   418 | D:2      | Noticed an orc wizard
   418 | D:2      | Noticed an orc priest
   418 | D:2      | Noticed an orc wizard
   464 | D:1      | Gained mutation: You are partially covered in razor-sharp
                  | scales. (AC +1, Slay +1) [demonic ancestry]
   464 | D:1      | Reached XP level 2. HP: 19/19 MP: 0/5
   714 | D:1      | Found a faded altar of an unknown god.
   883 | D:1      | Gained mutation: You regenerate a little health from kills.
                  | [demonic ancestry]
   883 | D:1      | Reached XP level 3. HP: 18/24 MP: 1/7
  2102 | D:3      | Noticed a phantom
  2133 | D:3      | Killed a phantom
  2134 | D:3      | Reached skill level 5 in Conjurations
  2134 | D:3      | Reached XP level 4. HP: 28/30 MP: 0/9
  2225 | D:3      | Reached XP level 5. HP: 35/35 MP: 7/10
  2267 | D:3      | Found a sparkling altar of Nemelex Xobeh.
  2270 | D:3      | Found a basalt altar of Yredelemnul.
  2270 | D:3      | Found a shadowy altar of Dithmenos.
  2271 | D:3      | Found a broken altar of Ashenzari.
  2271 | D:3      | Found a snail-covered altar of Cheibriados.
  2426 | D:3      | Noticed a black bear
  2550 | D:2      | Gained mutation: You regenerate health from kills. [demonic
                  | ancestry]
  2550 | D:2      | Reached XP level 6. HP: 41/41 MP: 9/12
  2733 | D:2      | Learned a level 4 spell: Fulminant Prism
  2738 | D:2      | Learned a level 4 spell: Iskenderun's Mystic Blast
  2828 | D:3      | Reached skill level 6 in Conjurations
  3379 | D:3      | Found a runed translucent door.
  3380 | D:3      | Noticed Crazy Yiuf
  3390 | D:3      | Killed Crazy Yiuf
  3627 | D:4      | Reached skill level 5 in Spellcasting
  3712 | D:4      | Gained mutation: Your touch may inflict minor irresistible
                  | damage on your foes. [demonic ancestry]
  3712 | D:4      | Reached XP level 7. HP: 46/46 MP: 3/14
  3812 | D:4      | Reached skill level 1 in Long Blades
  3936 | D:4      | Found Fugin's Specific Store.
  3995 | D:4      | Found Qosmiw's General Store.
  4003 | D:4      | Bought a potion of curing for 30 gold pieces
  4283 | D:4      | Identified the +5 short sword of the Hammering Tiger
                  | {flame, rPois Str-2 Dex+5}
  4397 | D:4      | Found Cadd's Jewellery Boutique.
  4650 | D:5      | Entered Level 5 of the Dungeon
  4714 | D:5      | Noticed Grinder
  4723 | D:5      | Killed Grinder
  4724 | D:5      | Reached skill level 7 in Conjurations
  4763 | D:5      | Found a sand-covered staircase.
  4770 | Ossuary  | Entered an ossuary
  4886 | Ossuary  | Gained mutation: Your touch may inflict irresistible damage
                  | on your foes. [demonic ancestry]
  4886 | Ossuary  | Reached XP level 8. HP: 44/52 MP: 7/16
  5224 | D:5      | Noticed Menkaure
  5230 | D:5      | Killed Menkaure
  5409 | D:5      | Found a staircase to the Ecumenical Temple.
  5446 | Temple   | Entered the Ecumenical Temple
  5492 | Temple   | Became a worshipper of Vehumet
  6112 | D:6      | Reached skill level 8 in Conjurations
  6520 | D:6      | Reached skill level 9 in Conjurations
  6520 | D:6      | Gained mutation: Your touch may irresistibly damage your
                  | foes and sap their willpower. [demonic ancestry]
  6520 | D:6      | Reached XP level 9. HP: 57/57 MP: 20/20
  6553 | D:6      | Reached * piety under Vehumet
  6553 | D:6      | Offered knowledge of Shock by Vehumet.
  6690 | D:6      | Noticed an oklob plant
  7143 | D:7      | Offered knowledge of Sandblast by Vehumet.
  7179 | D:7      | Reached ** piety under Vehumet
  7180 | D:7      | Reached skill level 10 in Conjurations
  7455 | D:7      | Found an iron altar of Okawaru.
  7859 | D:8      | Noticed Pikel
  7870 | D:8      | Killed Pikel
  7876 | D:8      | Gained mutation: You are partially covered in sharp spines.
                  | [demonic ancestry]
  7876 | D:8      | Reached XP level 10. HP: 50/61 MP: 4/23
  8195 | D:8      | Offered knowledge of Inner Flame by Vehumet.
  8873 | D:8      | Noticed Gastronok
  8889 | D:8      | Killed Gastronok
  8890 | D:8      | Reached skill level 5 in Long Blades
  8890 | D:8      | Reached skill level 10 in Spellcasting
  9216 | D:9      | Reached *** piety under Vehumet
  9217 | D:9      | Reached skill level 1 in Fighting
  9364 | D:9      | Found a staircase to the Lair.
  9700 | D:9      | Noticed Maurice
  9711 | D:9      | Offered knowledge of Mephitic Cloud by Vehumet.
  9714 | D:9      | Killed Maurice
  9813 | D:9      | Gained mutation: You regenerate a lot of health from kills.
                  | [demonic ancestry]
  9813 | D:9      | Reached XP level 11. HP: 66/78 MP: 20/26
  9979 | D:9      | Reached **** piety under Vehumet
 10172 | D:9      | Offered knowledge of Lightning Bolt by Vehumet.
 10217 | D:9      | Noticed a two-headed ogre
 10226 | D:9      | Killed a two-headed ogre
 10227 | D:9      | Reached skill level 5 in Fighting
 10384 | D:9      | Learned a level 5 spell: Lightning Bolt
 10864 | D:9      | Found an ancient bone altar of Kikubaaqudgha.
 10908 | D:10     | Entered Level 10 of the Dungeon
 10908 | D:10     | Noticed Josephine
 10914 | D:10     | Killed Josephine
 11060 | D:10     | Noticed Snorg
 11067 | D:10     | Killed Snorg
 11067 | D:10     | Reached ***** piety under Vehumet
 11068 | D:10     | Reached skill level 11 in Conjurations
 11077 | D:10     | Offered knowledge of Iron Shot by Vehumet.
 11091 | Lair:1   | Entered Level 1 of the Lair of Beasts
 11369 | Lair:1   | Noticed a death yak
 11370 | Lair:1   | Noticed a death yak
 11372 | Lair:1   | Noticed a death yak
 11391 | D:9      | Killed a death yak
 11499 | D:9      | Gained mutation: You occasionally shout uncontrollably at
                  | your foes. [potion of mutation]
 11499 | D:9      | Gained mutation: You expend magic power (3 MP) to
                  | strengthen your wands. [potion of mutation]
 11503 | Lair:1   | Noticed a death yak
 11505 | Lair:1   | Noticed a death yak
 11515 | D:9      | Killed a death yak
 11628 | D:9      | Killed a death yak
 11690 | D:9      | Killed a death yak
 11801 | Lair:1   | Killed a death yak
 11802 | Lair:1   | Reached skill level 12 in Conjurations
 12019 | Lair:1   | Reached XP level 12. HP: 86/86 MP: 28/28
 12126 | Lair:1   | Learned a level 6 spell: Iron Shot
 12372 | Lair:1   | Noticed a six-headed hydra
 12377 | Lair:1   | Killed a seven-headed hydra
 12515 | Lair:1   | Reached skill level 1 in Earth Magic
 12719 | Lair:2   | Noticed a seven-headed hydra
 13564 | Lair:2   | Killed a seven-headed hydra
 13894 | Lair:2   | Found a staircase to the Shoals.
 14068 | Lair:3   | Reached skill level 13 in Conjurations
 14145 | Lair:3   | Noticed a seven-headed hydra
 14150 | Lair:3   | Killed a seven-headed hydra
 14346 | Lair:3   | Noticed a six-headed hydra
 14360 | Lair:3   | Killed a six-headed hydra
 14571 | Lair:3   | Noticed a catoblepas
 14572 | Lair:3   | Reached skill level 5 in Earth Magic
 14585 | Lair:3   | Killed a catoblepas
 14689 | Lair:3   | Reached XP level 13. HP: 91/91 MP: 14/30
 14885 | Lair:3   | Found a staircase to the Snake Pit.
 16365 | Lair:4   | Reached skill level 14 in Conjurations
 16802 | Lair:5   | Entered Level 5 of the Lair of Beasts
 17438 | Lair:5   | Found a viscous altar of Jiyva.
 17610 | Lair:5   | Found a staircase to the Slime Pits.
 17733 | Lair:5   | Offered knowledge of Fireball by Vehumet.
 18362 | Lair:5   | Reached XP level 14. HP: 91/98 MP: 8/32
 18441 | Lair:5   | Learned a level 8 spell: Ignition
 18592 | Lair:5   | Reached skill level 15 in Conjurations
 18598 | Lair:5   | Reached skill level 15 in Spellcasting
 18621 | Lair:5   | Identified the +1 ring mail of the Bells {Rampage rF+ SInv}
 19450 | Lair:5   | Reached ****** piety under Vehumet
 20401 | D:10     | Found a staircase to the Orcish Mines.
 20586 | D:10     | Identified a scroll of acquirement
 20786 | D:10     | Acquired the amulet "Couh" {RegenMP rF+ rCorr SInv}
 20967 | D:4      | Bought a scroll of teleportation for 30 gold pieces
 20967 | D:4      | Bought a scroll of acquirement for 520 gold pieces
 20967 | D:4      | Bought a potion of flight for 30 gold pieces
 20967 | D:4      | Acquired 1132 gold pieces
 21204 | D:10     | Noticed Lodul
 21213 | D:10     | Killed Lodul
 21216 | D:10     | Offered knowledge of Freezing Cloud by Vehumet.
 21586 | D:11     | Reached skill level 16 in Conjurations
 22337 | D:12     | Reached skill level 1 in Fire Magic
 23309 | D:13     | Reached skill level 5 in Fire Magic
 23314 | D:13     | Offered knowledge of Conjure Ball Lightning by Vehumet.
 23322 | D:13     | Gained mutation: You are mostly covered in sharp spines.
                  | [demonic ancestry]
 23322 | D:13     | Reached XP level 15. HP: 103/103 MP: 14/35
 23802 | Orc:1    | Entered Level 1 of the Orcish Mines
 24024 | Orc:1    | Found Titynlul's Firing Range.
 24033 | Orc:1    | Bought a throwing net for 42 gold pieces
 24033 | Orc:1    | Bought a throwing net for 42 gold pieces
 24086 | Orc:2    | Entered Level 2 of the Orcish Mines
 24315 | Orc:2    | Offered knowledge of Starburst by Vehumet.
 24510 | Orc:2    | Found a staircase to the Elven Halls.
 24668 | Orc:2    | Found Hesiz's Antique Armour Shop.
 24668 | Orc:2    | Found Xyhuh's Weapon Emporium.
 24737 | Orc:2    | Offered knowledge of Lee's Rapid Deconstruction by Vehumet.
 24755 | Orc:2    | Found Heasilij's Jewellery Shop.
 24755 | Orc:2    | Found Wielumom's Antique Armour Emporium.
 24770 | Orc:2    | Bought the ring of the Mage {Wiz Archmagi} for 663 gold
                  | pieces
 24770 | Orc:2    | Found the ring of the Mage {Wiz Archmagi}
 24783 | Orc:2    | Bought a smouldering ring mail for 198 gold pieces
 24783 | Orc:2    | Identified the +2 ring mail of the Devil {rC+ Dex+2} (You
                  | bought it in a shop on level 2 of the Orcish Mines)
 24819 | Orc:2    | Bought a shiny buckler for 217 gold pieces
 24819 | Orc:2    | Bought a heavily runed ring mail for 261 gold pieces
 24819 | Orc:2    | Identified the +1 ring mail of the Evening Star {Harm
                  | rCorr} (You bought it in a shop on level 2 of the Orcish
                  | Mines)
 24819 | Orc:2    | Bought a translucent leather armour for 203 gold pieces
 24819 | Orc:2    | Identified the +1 leather armour "Jyerykot" {rElec Regen+
                  | Dex+3 Slay-2} (You bought it in a shop on level 2 of the
                  | Orcish Mines)
 25012 | Orc:2    | Noticed Sonja
 25015 | Orc:2    | Killed Sonja
 25315 | Orc:1    | Noticed an orc warlord
 25329 | Orc:1    | Killed an orc warlord
 25702 | D:14     | Reached skill level 10 in Fire Magic
 25849 | D:14     | Offered knowledge of Orb of Destruction by Vehumet.
 26019 | D:14     | Noticed Nessos
 26021 | D:14     | Killed Nessos
 26191 | D:14     | Found a gate to the Vaults.
 26283 | D:15     | Entered Level 15 of the Dungeon
 26535 | D:15     | Found a staircase to the Depths.
 26610 | D:15     | Found Parychiz's Tremendous Tomes.
 26662 | D:15     | Gained mutation: You are mostly covered in razor-sharp
                  | scales. (AC +2, Slay +2) [demonic ancestry]
 26662 | D:15     | Reached XP level 16. HP: 92/109 MP: 19/36
 26897 | D:15     | Found a transporter.
 26906 | D:15     | Noticed Vochiuc's ghost (adept DEFE)
 26923 | D:15     | Found a transporter.
 27340 | Snake:1  | Entered Level 1 of the Snake Pit
 27349 | Snake:1  | Noticed a tentacled monstrosity
 27403 | Snake:1  | Killed a tentacled monstrosity
 27424 | Snake:1  | Offered knowledge of Fire Storm by Vehumet.
 27424 | Snake:1  | Offered knowledge of Shatter by Vehumet.
 27424 | Snake:1  | Offered knowledge of Chain Lightning by Vehumet.
 27908 | Snake:1  | Reached skill level 15 in Fire Magic
 28009 | Snake:1  | Noticed Jorgrun
 28024 | Snake:1  | Killed Jorgrun
 28178 | Snake:1  | Noticed a tentacled monstrosity
 28181 | Snake:1  | Killed a tentacled monstrosity
 28890 | Snake:2  | Reached XP level 17. HP: 115/115 MP: 26/37
 29259 | Snake:2  | You fall into a shaft and drop 1 floor!
 29751 | Snake:3  | Identified Roxanne's Handbook of the Mountains
 29751 | Snake:3  | Noticed Roxanne
 29757 | Snake:3  | Killed Roxanne
 29833 | Snake:3  | Found a transporter.
 29835 | Snake:3  | Found a transporter.
 30170 | Snake:3  | Got the Parchment of Evil Arts and Poison
 30633 | Snake:3  | Found Epeepoug's Weapon Shop.
 30633 | Snake:3  | Found Qawatwub's Weapon Boutique.
 30729 | Snake:3  | Found Xicvur's General Store.
 30731 | Snake:3  | Found Napluj's Assorted Antiques.
 30733 | Snake:3  | Bought a potion of magic for 104 gold pieces
 30740 | Snake:3  | Bought a potion of berserk rage for 170 gold pieces
 30740 | Snake:3  | Bought a scroll of vulnerability for 136 gold pieces
 30740 | Snake:3  | Bought a potion of curing for 102 gold pieces
 31191 | Snake:4  | Entered Level 4 of the Snake Pit
 31654 | Snake:4  | Identified the +5 scale mail of Mubliog {Rampage rF+ Str+2}
 31961 | Snake:4  | Found an ornate altar of the Wu Jian Council.
 32078 | Snake:4  | Found Piegupn's Gadget Gallery.
 32145 | Snake:4  | Found Uqeguloc's One-of-a-Kind Rings.
 32550 | Snake:4  | Gained mutation: Your magical and physical power is
                  | slightly enhanced at high health. [demonic ancestry]
 32550 | Snake:4  | Reached XP level 18. HP: 104/121 MP: 34/38
 32672 | Snake:4  | Got a serpentine rune of Zot
 33048 | Elf:1    | Entered Level 1 of the Elven Halls
 33886 | Elf:1    | Paralysed by an air elemental for 1 turns
 34042 | Elf:1    | Found a runed translucent gate.
 34042 | Elf:1    | Found a runed translucent gate.
 34042 | Elf:1    | Found a runed translucent gate.
 34042 | Elf:1    | Found a runed translucent gate.
 34042 | Elf:1    | Found a runed translucent gate.
 34044 | Elf:1    | Found a runed translucent gate.
 34605 | Elf:2    | Identified the +4 scimitar of Pyromania {elec, Contam
                  | Dex+6}
 34608 | Elf:2    | Found a runed translucent gate.
 34644 | Elf:2    | Found a runed translucent gate.
 34645 | Elf:2    | Found a runed translucent gate.
 34934 | Elf:2    | Reached skill level 17 in Conjurations
 35404 | Elf:3    | Entered Level 3 of the Elven Halls
 35907 | Elf:3    | Found Okhlujafie's Armour Shoppe.
 36026 | Elf:3    | Paralysed by an air elemental for 1 turns
 36027 | Elf:3    | Gained mutation: Your magical and physical power is
                  | enhanced at high health. [demonic ancestry]
 36027 | Elf:3    | Reached XP level 19. HP: 104/127 MP: 25/40
 36125 | Elf:3    | Reached skill level 18 in Conjurations
 36329 | Elf:3    | Identified the +2 pair of boots "Oguved" {rPois}
 36375 | Elf:3    | Identified the +3 dagger of Conformity {vorpal, Contam Fly
                  | rElec rN+}
 36395 | Elf:3    | Identified the ring "Jusoc" {Fly Will+ Int+3}
 36423 | Elf:3    | Identified the ring "Nebrouc" {rF+ Int+3 Dex-2}
 36425 | Elf:3    | Identified the +4 morningstar "Bestrob" {spect, Str+4 Int+2
                  | Dex+2}
 36773 | Shoals:1 | Entered Level 1 of the Shoals
 36842 | Shoals:1 | Found a runed translucent gate.
 36843 | Shoals:1 | Found a runed translucent gate.
 36845 | Shoals:1 | Found a runed translucent gate.
 38245 | Shoals:3 | Found Gorr's Jewellery Boutique.
 38370 | Shoals:3 | Found Fehevien's Antique Weapon Boutique.
 38478 | Shoals:3 | Reached skill level 19 in Conjurations
 39088 | Shoals:4 | Entered Level 4 of the Shoals
 39101 | Shoals:4 | Paralysed by an air elemental for 1 turns
 39161 | Shoals:4 | Paralysed by an air elemental for 1 turns
 39165 | Shoals:4 | Paralysed by an air elemental for 1 turns
 39407 | Shoals:4 | Reached XP level 20. HP: 133/133 MP: 42/42
 39414 | Shoals:4 | Noticed Polyphemus
 39415 | Shoals:4 | Killed Polyphemus
 39505 | Shoals:4 | Noticed Bai Suzhen
 39510 | Shoals:4 | Noticed Kirke
 39511 | Shoals:4 | Killed Bai Suzhen
 39513 | Shoals:4 | Killed Kirke
 39531 | Shoals:4 | Identified the +8 scimitar "Ukaymn" {vorpal, Drain Int+6}
 39536 | Shoals:4 | Paralysed by an air elemental for 1 turns
 39823 | Shoals:4 | Reached skill level 20 in Conjurations
 39918 | Shoals:4 | Found a blossoming altar of Fedhas.
 40275 | Shoals:4 | Got a barnacled rune of Zot
 40575 | Vaults:1 | Entered Level 1 of the Vaults
 41289 | Vaults:1 | Found Jamoacka's Armour Shop.
 41469 | Vaults:1 | Lost mutation: You expend magic power (3 MP) to strengthen
                  | your wands. [potion of mutation]
 41469 | Vaults:1 | Lost mutation: You occasionally shout uncontrollably at
                  | your foes. [potion of mutation]
 41469 | Vaults:1 | Gained mutation: Your body sometimes deteriorates upon
                  | taking damage. [potion of mutation]
 41469 | Vaults:1 | Gained mutation: You have sharp toenails. [potion of
                  | mutation]
 41469 | Vaults:1 | Gained mutation: You are agile. (Dex +4, Str/Int -1)
                  | [potion of mutation]
 41470 | Vaults:1 | Lost mutation: You have sharp toenails. [potion of
                  | mutation]
 41470 | Vaults:1 | Lost mutation: Your body sometimes deteriorates upon taking
                  | damage. [potion of mutation]
 41470 | Vaults:1 | Gained mutation: You possess an exceptional clarity of
                  | mind. [potion of mutation]
 41470 | Vaults:1 | Gained mutation: Your magical capacity is low. (-10% MP)
                  | [potion of mutation]
 41471 | Vaults:1 | Lost mutation: You possess an exceptional clarity of mind.
                  | [potion of mutation]
 41471 | Vaults:1 | Lost mutation: You are agile. (Dex +4, Str/Int -1) [potion
                  | of mutation]
 41471 | Vaults:1 | Lost mutation: Your magical capacity is low. (-10% MP)
                  | [potion of mutation]
 41471 | Vaults:1 | Gained mutation: You have hidden genetic potential. [potion
                  | of mutation]
 41579 | Vaults:1 | Reached skill level 21 in Conjurations
 41827 | Vaults:1 | Paralysed by a great orb of eyes for 5 turns
 42124 | Vaults:2 | Found a crumbling gateway.
 42133 | Desolati | Entered the Desolation of Salt
 42180 | Desolati | Gained mutation: You are completely covered in sharp
                  | spines. [demonic ancestry]
 42180 | Desolati | Reached XP level 21. HP: 133/138 MP: 35/45
 42230 | Desolati | Identified the ring "Tustryil" {Str+4 SInv}
 42332 | Desolati | Identified the +9 arbalest of Eternity {freeze, rPois
                  | Int+2}
 42445 | Desolati | Identified the +0 dagger of Furionuc {pain, Dex+2}
 42631 | Desolati | Identified the +1 chain mail "Kihealom" {*Corrode rF+ MP+9
                  | Int+4}
 42634 | Desolati | Got the Folio of Grit and the Arsonist
 42636 | Desolati | Got Sif Muna's Anthology of Wicked Secrets and Fascination
 43254 | Vaults:2 | Reached skill level 22 in Conjurations
 43435 | Vaults:2 | Noticed Mennas
 43458 | Vaults:2 | Mangled by Mennas

Illustrated notes

Levels and vault maps discovered:
D:1:      wander_arrival_desolate, layout_basic, ebering_ecumenical_altar_webs,
          minmay_tree_intersection
D:2:      wander_river, layout_loops_ring, mrwooster_statue_mirror,
          kennysheep_potato
D:3:      layout_rooms, grunt_temple_overflow_open, nicolae_grassy_gnolls,
          uniq_crazy_yiuf_cottage
D:4:      layout_basic, serial_shops, nicolae_shop_statue_plus,
          grunt_ministairs_13, nicolae_specific_store
D:5:      layout_basic, minmay_temple_entry_stoned_glass,
          chequers_ossuary_entry_cave, water_maze_lemuel, uniq_grinder,
          uniq_menkaure
D:6:      lemuel_slime, layout_loops_cross, nicolae_titane
D:7:      layout_gridville, okawaru_altar_gauntlet_db
D:8:      layout_basic, uniq_pikel, uniq_gastronok
D:9:      wander_kiku_kobolds, layout_layer_cave, lair_entry_dummy, uniq_maurice
D:10:     layout_basic, zombieorc2_lemuel, uniq_lodul, uniq_snorg,
          uniq_josephine
D:11:     layout_cave_pools, serial_column_ruins, column_ruins_columns_corner,
          column_ruins_columns_straight, column_ruins_open_medium,
          column_ruins_grid_3, column_ruins_open_small
D:12:     layout_rooms
D:13:     layout_long_grid, nicolae_looking_at_the_future
D:14:     layout_long_grid, hangedman_vaults_entry_quadrant_bands,
          grunt_decor_mini_mirrors, uniq_nessos
D:15:     hangedman_depths_entry_civil_slaughter, layout_stronghold,
          nzn_ghost_randoct, serial_bayou_lagoon_a, serial_undead,
          serial_undead_f, serial_undead_e, serial_undead_c, serial_undead_f,
          nicolae_shop_i_like_big_books
Temple:   nicolae_temple_elliptical
Lair:1:   layout_loops_ring
Lair:2:   layout_roguey, elwin_shoals_entry_rooms, grunt_megastairs_5
Lair:3:   beast_lair_carwin_large_1, layout_gridlike
Lair:4:   layout_regular_city
Lair:5:   guppyfry_lair_end_dragon, layout_regular_city,
          hangedman_lair_tendril_chambers, minmay_slime_entry_oklob_enclosed,
          grunt_forest_large_clearing_hut
Shoals:1: layout_shoals, nicolae_shoals_beach_cooler
Shoals:2: layout_shoals, nicolae_shoals_secluded_bog
Shoals:3: layout_shoals, serial_shops, shop, nicolae_shop_waterfront,
          hangedman_shoals_cup_caves
Shoals:4: shoals_end_hellmonk_storm_palace [storm_palace_center_circular,
          storm_palace_corner_narrow, storm_palace_corner_narrow,
          storm_palace_corner_reverse_hut, storm_palace_corner_altar],
          uniq_bai_suzhen, uniq_kirke, uniq_polyphemus
Snake:1:  onia_ninara_swampy_vault, layout_onion_interference,
          nicolae_snake_springs, uniq_jorgrun
Snake:2:  layout_honeycomb
Snake:3:  gammafunk_sealed_arena, layout_layer_cave, minmay_shoptagon,
          uniq_roxanne
Snake:4:  grunt_snake_rune_pools, layout_cave_town, basic_altar,
          nicolae_shop_unique_rings, nicolae_shop_gadgets, lemuel_fruit_tree,
          grunt_megastairs_1
Orc:1:    layout_caves, nicolae_shop_firing_range
Orc:2:    st_orc_town, layout_caves, lemuel_statue_altar, uniq_sonja
Elf:1:    layout_loops_corners, special_room [special_room_orc], orc_legates
Elf:2:    elven_hall_of_blades_hangedman_original [mumra_blade_entry_bloodbath],
          layout_geoelf_octagon
Elf:3:    elf_hall, layout_geoelf_octagon, serial_shops, shop
Vaults:1: hangedman_vaults_nails, vaults_mumra_bighexcomb, grunt_vaults_twisty,
          vaults_room_door_ring, nicolae_vaults_alarming,
          hangedman_vaults_stitches, vaults_room_boxed,
          nicolae_vaults_little_squares_5, vaults_dpeg_ring, v_pattern_4,
          vaults_room_semicircle, nicolae_vaults_little_squares_5,
          layout_vaults_omnibox, serial_shops, shop
Vaults:2: portal_desolation_entry_garden, nicolae_vaults_circle_grid_a,
          v_misc_28, v_pattern_2, vaults_standard_mumra_x, v_misc_30, v_misc_8,
          dpeg_vaults_monster_box, nicolae_vaults_little_squares_6,
          nicolae_vaults_border_crossing, layout_vaults_quadrants, serial_shops,
          nicolae_shop_bloodbath_and_beyond, uniq_mennas

Skill      XL: |  1  2  3  4  5  6  7  8  9 10 11 12 13 14 15 16 17 18 19 20 21 |
---------------+----------------------------------------------------------------+-----
Spellcasting   | 3 4 5 7 9 11 12 13 14 16 17 18 20 21 | 21.0
Conjurations   | 5 6 7 9 10 12 13 14 16 17 19 21 22 | 22.0
Long Blades    | 3 5 |  5.5
Fighting       | 4 5 |  5.2
Earth Magic    | 5 8 |  8.1
Fire Magic     | 5 12 16 19 20 | 20.0
Dodging        | |  1.7
Stealth        | |  1.7

Action                   |  1- 3 |  4- 6 |  7- 9 | 10-12 | 13-15 | 16-18 | 19-21 || total
-------------------------+-------+-------+-------+-------+-------+-------+-------++-------
Melee: Unarmed           |    30 |       |       |       |       |       |       ||    30
       Punch             |     1 |     3 |     2 |     1 |     2 |       |     2 ||    11
       Spear             |    13 |       |       |       |       |       |       ||    13
       Long sword        |    19 |    40 |   211 |   191 |   103 |     5 |       ||   569
       Touch             |       |       |    38 |    45 |    30 |     7 |     8 ||   128
       Staff             |       |       |       |       |   106 |    48 |    27 ||   181
Throw: Dart              |     6 |     1 |       |       |       |       |       ||     7
       Throwing net      |       |     1 |       |       |       |       |     1 ||     2
 Cast: Magic Dart        |    93 |    73 |   175 |    86 |       |       |       ||   427
       Iskenderun's Myst |       |     6 |     5 |    66 |    99 |    24 |    20 ||   220
       Fulminant Prism   |       |     1 |     5 |     8 |     9 |       |       ||    23
       Lightning Bolt    |       |       |       |    26 |       |       |       ||    26
       Iron Shot         |       |       |       |    50 |   336 |   259 |   266 ||   911
       Ignition          |       |       |       |       |     1 |   159 |   139 ||   299
Evoke: Wand              |       |       |     2 |       |    24 |     1 |       ||    27
       Tin of tremorston |       |       |       |       |       |     1 |       ||     1
  Use: Potion            |     1 |     1 |       |     3 |     8 |     4 |     6 ||    23
       Scroll            |     1 |       |     8 |     5 |    15 |     5 |     1 ||    35
 Stab: Sleeping          |       |       |     1 |     1 |       |       |       ||     2
       Petrified         |       |       |       |     1 |       |       |       ||     1
       Distracted        |       |       |       |       |     1 |       |       ||     1
Armor: Robe              |    30 |    28 |   112 |     6 |    41 |    35 |    17 ||   269
       Steam dragon scal |       |       |       |    68 |    45 |       |       ||   113
       Skin              |       |       |       |       |    13 |       |       ||    13
Dodge: Dodged            |    59 |    42 |   153 |   111 |   201 |    80 |    48 ||   694
